 Dungeon Crawl Stone Soup version 0.28.0-45-g0d030f2227 (webtiles) character file.

Game seed: 8295023130276004558

54 Descartes the Covert (level 3, -5/19 HPs)
             Began as a Spriggan Delver on Apr 1, 2022.
             Slain by a worm (10 damage)
             ... on level 2 of the Dungeon.
             The game lasted 00:02:59 (2157 turns).

Descartes the Covert (Spriggan Delver)              Turns: 2157, Time: 00:02:59

Health: -5/19      AC:  2    Str: 10    XL:     3   Next: 66%
Magic:  4/4        EV: 18    Int: 11    God:
Gold:   113        SH:  0    Dex: 16    Spells: 1/2 levels left

rFire   . . .      SeeInvis +   a - +0 short sword
rCold   . . .      Faith    .   (no shield)
rNeg    . . .      Spirit   .   b - +0 robe
rPois   .          Reflect  .   (helmet restricted)
rElec   .          Harm     .   (no cloak)
rCorr   .          Rampage  .   (gloves unavailable)
Will    .....                   (boots unavailable)
Stlth   ++++......              (no amulet)
HPRegen 0.06/turn               (no ring)
MPRegen 0.09/turn               (no ring)

@: very quick
A: very small, no large weapons, unfitting armour, see invisible, speed 3
a: no special abilities


You were on level 2 of the Dungeon.
You visited 1 branch of the dungeon, and saw 5 of its levels.

You collected 113 gold pieces.

Inventory:

Hand Weapons
 a - a +0 short sword (weapon)
 l - a +0 shortbow
Missiles
 i - 27 sling bullets
 j - 16 bolts
 n - 25 stones (quivered)
 p - 2 curare-tipped darts
Armour
 b - a +0 robe (worn)
Wands
 g - a wand of digging (3)
Scrolls
 c - 3 scrolls of fog
 d - a scroll of magic mapping
 e - a scroll of fear
 h - a scroll of acquirement {unknown}
 k - a scroll of enchant weapon {unknown}
 o - 2 scrolls of identify {unknown}
Potions
 f - a potion of haste
 m - a potion of mutation {unknown}
 q - a potion of brilliance {unknown}


   Skills:
 - Level 2.4 Fighting
 + Level 3.1 Short Blades
 + Level 3.7 Dodging
 + Level 8.0 Stealth


You had one spell level left.
You knew the following spells:

 Your Spells              Type           Power      Damage    Failure   Level
a - Summon Small Mammal   Summ           0%         N/A       34%         1

Your spell library contained the following spells:

 Spells                   Type           Power      Damage    Failure   Level
 Call Canine Familiar     Summ           0%         N/A       71%         3
 Summon Guardian Golem    Hex/Summ       0%         N/A       71%         3


Dungeon Overview and Level Annotations

Branches:
Dungeon (5/15)
 Temple: D:4-7

Altars:

Shops:
D:2 ?

Annotations:
D:2 Sigmund


Innate Abilities, Weirdness & Mutations

You are very small and have problems with some larger weapons.
You are too small for most types of armour.
You have supernaturally acute eyesight. (SInv)
You cover ground extremely quickly. (Speed+++)


Message History

You hit the worm.
The worm is moderately wounded.
You hit the worm but do no damage.
The worm is moderately wounded.
The worm bites you!
You barely miss the worm.
The worm is moderately wounded.
You hit the worm.
The worm is moderately wounded.
The worm completely misses you.
You hit the worm.
The worm is heavily wounded.
The worm barely misses you.
You hit the worm.
The worm is severely wounded.
You hit the worm but do no damage.
The worm is severely wounded.
The worm bites you!
* * * LOW HITPOINT WARNING * * *
You are too injured to fight recklessly!
You are too injured to fight recklessly!
You are too injured to fight recklessly!
You are too injured to fight recklessly!
You are too injured to fight recklessly!
You are too injured to fight recklessly!
You are too injured to fight recklessly!
You are too injured to fight recklessly!
You are too injured to fight recklessly!
You hit the worm.
The worm is severely wounded.
You barely miss the worm.
The worm is severely wounded.
The worm closely misses you.
You barely miss the worm.
The worm is severely wounded.
You hit the worm but do no damage.
The worm is severely wounded.
The worm bites you!
Ouch! That really hurt!
You die...

#.#.# ...#..(#...
###.#.# #..#.#..._
.....# #......#
#.)###....#.##.# ###
#.......<.......
.....##..######.##....
.......$........# .
####.###..########
.........@w......
###.##.........##
#.........#
#.........#
#.........#
#.∩.......#
#.....!...#
#.........#


You could see a worm.

Vanquished Creatures
  A gnoll (D:5)
  An adder (D:3)
  A dart slug (D:1)
  6 bats
  3 endoplasms (D:1)
  4 goblins
  3 hobgoblins (D:1)
  2 quokkas (D:1)
  6 ball pythons
  4 kobolds (D:1)
  A rat (D:1)
32 creatures vanquished.

Notes
Turn   | Place    | Note
-------+----------+-------------------------------------------
     0 | D:5      | Descartes the Spriggan Delver began the quest for the Orb.
     0 | D:5      | Reached XP level 1. HP: 11/11 MP: 2/2
    16 | D:5      | Noticed a gnoll shaman
    21 | D:5      | Reached XP level 2. HP: 16/16 MP: 3/3
    40 | D:5      | Noticed a water moccasin
    44 | D:4      | Noticed a scorpion
   670 | D:2      | Noticed Sigmund
  1009 | D:1      | Reached XP level 3. HP: 11/19 MP: 4/4
  1145 | D:1      | Learned a level 1 spell: Summon Small Mammal
  1897 | D:1      | Reached skill level 8 in Stealth
  2132 | D:2      | Found a faded altar of an unknown god.
  2141 | D:2      | Found Fiynwut's Magic Scroll Shop.
  2157 | D:2      | Slain by a worm

Illustrated notes

Levels and vault maps discovered:
D:1:      dpeg_arrival_rooms_with_view, layout_loops_corners,
          chequers_serial_rivers_room_a
D:2:      layout_basic, ebering_ecumenical_altar_box, serial_shops, shop,
          minivault_14, minmay_tetromino_s4, uniq_sigmund
D:3:      layout_rooms, nicolae_qazlal_style_of_elements,
          corexii_leaking_fountain, grunt_ministairs_5, chequers_garden
D:4:      kennysheep_six_static_rooms, layout_cave_pools,
          mainiacjoe_overflow_alcove_2
D:5:      black_bear_nest_2, layout_loops_corners, temple_doors_e,
          uniq_eustachio, uniq_pikel

Skill      XL: |  1  2  3 |
---------------+----------+-----
Dodging        | 3 |  3.7
Short Blades   | 3 |  3.1
Stealth        | 8 |  8.0
Fighting       | |  2.4

Action                   || total
-------------------------++-------
Melee: Short sword       ||    95
 Cast: Summon Small Mamm ||     1
 Stab: Sleeping          ||    18
Armor: Robe              ||     5
Dodge: Dodged            ||    82
